 Dungeon Crawl Stone Soup version 0.26.1-11-gd32895ea62 (webtiles) character file.

Game seed: 6853960082670044066

1299 Zeld the Cleaver (level 8, -8/64 HPs)
             Began as a Minotaur Berserker on May 28, 2021.
             Was a Believer of Trog.
             Mangled by a troll (12 damage)
             ... on level 8 of the Dungeon.
             The game lasted 00:03:16 (3223 turns).

Zeld the Cleaver (Minotaur Berserker)               Turns: 3223, Time: 00:03:17

Health: -8/64      AC: 12    Str: 23    XL:     8   Next: 31%
Magic:  7/7        EV:  7    Int:  4    God:    Trog [**....]
Gold:   32         SH:  0    Dex: 11    Spells: 7/7 levels left

rFire    + . .     SeeInvis .   a - +0 hand axe
rCold    . . .     Faith    .   (no shield)
rNeg     . . .     Spirit   .   f - +0 plate armour
rPois    .         Reflect  .   (helmet restricted)
rElec    .         Harm     .   j - +0 cloak
rCorr    +         Rampage  .   (no gloves)
Will     ++...                  (no boots)
Stlth    ..........             (no amulet)
HPRegen  1.20/turn              b - ring of resist corrosion
MPRegen  0.10/turn              i - ring of protection from fire

@: berserk cooldown, regenerating, slowed, very slow
A: retaliatory headbutt, horns 2
a: Renounce Religion, Berserk, Trog's Hand


You were on level 8 of the Dungeon.
You worshipped Trog.
Trog was pleased with you.
You visited 1 branch of the dungeon, and saw 8 of its levels.

You collected 32 gold pieces.

Inventory:

Hand Weapons
 a - a +0 hand axe (weapon)
Armour
 f - a +0 plate armour (worn)
 j - a +0 cloak (worn)
Jewellery
 b - a ring of resist corrosion (left hand)
 i - a ring of protection from fire (right hand)
 l - an uncursed amulet of guardian spirit
 n - an uncursed ring of flight
Scrolls
 h - a scroll of identify {unknown}
 k - a scroll of teleportation {unknown}
 o - a scroll of amnesia {unknown}
Potions
 c - 2 potions of flight {unknown}
 d - 4 potions of curing {unknown}
 e - 2 potions of heal wounds {unknown}
 g - 2 potions of degeneration {unknown}
 m - a potion of lignification {unknown}
 p - a potion of invisibility {unknown}


   Skills:
 - Level 3.6 Fighting
 * Level 12.3 Axes
 - Level 2.4 Armour
 - Level 2.1 Dodging


You had 7 spell levels left.
You didn't know any spells.
Your spell library was empty.

Dungeon Overview and Level Annotations

Branches:
Dungeon (8/15)
 Temple: D:4-7         Lair: D:8-11

Altars:
Vehumet
The Shining One


Innate Abilities, Weirdness & Mutations

You reflexively headbutt those who attack you in melee.
You have a pair of horns on your head.


Message History

You barely miss the troll. Your headbutt misses the troll.
The troll is moderately wounded.
The troll bites you!
* * * LOW HITPOINT WARNING * * *
The troll claws you but does no damage. x2
Your skin crawls.
You feel strong-willed. The troll bites you but does no damage.
The troll closely misses you. The troll claws you but does no damage.
You hit the troll but do no damage. Your headbutt misses the troll.
The troll is moderately wounded.
The troll bites you!
* * * LOW HITPOINT WARNING * * *
The troll claws you but does no damage. x2
Unknown command.
Your plate armour prevents you from hitting the troll.
Your headbutt misses the troll.
The troll is moderately wounded.
The troll bites you!
You die...

#.. #.#
#.####
#.#.. #
##.#.##.#
#.......#
#.......#
#.T#
..##+#.@#
.......<#
######..#
#....
#......
#.#######
#.# ##


You could see a troll.

Vanquished Creatures
  An orc warrior (D:7)
  An ice beast (D:7)
  3 ogres
  A phantom (D:7)
  3 bullfrogs (D:7)
  2 scorpions
  2 howler monkeys (D:7)
  A hound (D:5)
  A jelly (D:5)
  3 orc wizards
  A bullfrog skeleton (D:7)
  An iguana (D:4)
  2 worker ants (D:6)
  A statue (D:6)
  A hound zombie (D:7)
  4 gnolls
  4 adders
  A worm (D:2)
  An adder skeleton (D:4)
  3 dart slugs
  3 leopard geckos
  10 orcs
  3 hobgoblins
  4 jackals
  A quokka (D:2)
  A ball python (D:2)
  A frilled lizard (D:2)
  3 goblins
  A kobold (D:1)
  5 rats
69 creatures vanquished.

Notes
Turn   | Place    | Note
-------+----------+-------------------------------------------
     0 | D:1      | Zeld the Minotaur Berserker began the quest for the Orb.
     0 | D:1      | Reached XP level 1. HP: 19/19 MP: 0/0
   115 | D:1      | Reached skill level 4 in Axes
   374 | D:2      | Reached XP level 2. HP: 26/26 MP: 1/1
   415 | D:2      | Reached skill level 5 in Axes
   658 | D:2      | Reached XP level 3. HP: 25/31 MP: 2/2
  1066 | D:4      | Noticed an ogre
  1066 | D:4      | Noticed a scorpion
  1073 | D:3      | Killed a scorpion
  1073 | D:3      | Reached ** piety under Trog
  1074 | D:3      | Reached skill level 6 in Axes
  1074 | D:3      | Reached XP level 4. HP: 34/39 MP: 3/3
  1311 | D:4      | Killed an ogre
  1312 | D:4      | Reached skill level 7 in Axes
  1312 | D:4      | Reached XP level 5. HP: 45/45 MP: 4/4
  1325 | D:4      | Found a glowing golden altar of the Shining One.
  1381 | D:5      | Entered Level 5 of the Dungeon
  1389 | D:5      | Reached skill level 8 in Axes
  1389 | D:5      | Reached XP level 6. HP: 49/51 MP: 5/5
  1693 | D:6      | Reached skill level 9 in Axes
  1719 | D:6      | Found a radiant altar of Vehumet.
  1812 | D:6      | Reached XP level 7. HP: 57/57 MP: 6/6
  1953 | D:7      | Reached skill level 10 in Axes
  2377 | D:7      | Reached skill level 11 in Axes
  2573 | D:7      | Reached XP level 8. HP: 39/64 MP: 7/7
  2898 | D:7      | Reached skill level 12 in Axes
  3208 | D:8      | Noticed a troll
  3222 | D:8      | HP: 3/64 [troll (11)]
  3223 | D:8      | Mangled by a troll

Illustrated notes

Levels and vault maps discovered:
D:1:      minmay_arrival_hallway, layout_basic, minmay_crystal_room
D:2:      layout_loops_ring, minmay_increasing_density
D:3:      layout_loops_ring, marbit_many_paths, serial_forest,
          infiniplex_forest_clump_double, infiniplex_forest_corner_1,
          infiniplex_forest_lined_corner, infiniplex_forest_lined_1,
          infiniplex_forest_clump_double, infiniplex_forest_zigzag_2,
          infiniplex_forest_lined_room_
D:4:      layout_rooms, grunt_gozag_statues, tso_altar, elyvilon_altar_4,
          uniq_edmund
D:5:      layout_rooms, yredelemnul_altar_generic, uniq_grinder,
          uniq_prince_ribbit1
D:6:      layout_basic, vehumet_statue, minmay_temple_entry_ruins, serial_shops,
          shop
D:7:      cheibrodos_quashed, layout_gridville,
          grunt_temple_overflow_champion_of_chaos,
          nicolae_overflow_crystal_walls
D:8:      minmay_quarter_circles, layout_loops_cross,
          nemelex_xobeh_ov_fountains_minmay, fedhas_altar_1, led_sif_book,
          minmay_lair_entry_grove

Skill      XL: |  1  2  3  4  5  6  7  8 |
---------------+-------------------------+-----
Axes           | 4 5 6 7 8 9 11 12 | 12.3
Fighting       | |  3.6
Armour         | |  2.4
Dodging        | |  2.1

Action                   |  1- 3 |  4- 6 |  7- 9 || total
-------------------------+-------+-------+-------++-------
Melee: Hand axe          |    71 |    57 |    91 ||   219
       Headbutt          |     9 |     9 |    21 ||    39
Invok: Berserk           |     1 |     3 |     5 ||     9
       Trog's Hand       |       |       |     2 ||     2
Armor: Plate armour      |    31 |    41 |    52 ||   124
Dodge: Dodged            |    28 |    27 |    28 ||    83
